 Dungeon Crawl Stone Soup version 0.31.0-11-ge490571c62 (webtiles) character file.

Game seed: 4248924840327663869

98200 CougarLife the Severer (level 15, 0/144 HPs)
             Began as a Minotaur Fighter on Jan 30, 2024.
             Was a High Priest of Trog.
             Hit by a silver javelin thrown by a merfolk javelineer (4 damage)
             ... on level 3 of the Shoals.
             The game lasted 00:54:18 (21692 turns).

CougarLife the Severer (Minotaur Fighter)          Turns: 21692, Time: 00:54:19

Health: 0/144      AC: 31    Str: 31    XL:     15   Next: 74%
Magic:  14/14      EV: 14    Int:  5    God:    Trog [*****.]
Gold:   113        SH: 31    Dex: 11    Spells: 14/14 levels left

rFire   + . .        Y - +5 broad axe
rCold   + . .        J - +10 tower shield of Ignorance {rN+ Int-4}
rNeg    + . .        V - +5 plate armour {rC+}
rPois   .            (helmet restricted)
rElec   +            W - +1 cloak of Starlight {*Dazzle EV+4 Stlth--}
rCorr   .            a - +2 pair of gloves
SInv    .            z - +2 pair of boots of the Valley {Int+2}
Will    ++...        j - amulet of Atteoc {Reflect rElec rF+ SH+5} Stlth
                     c - ring of willpower
HPRegen 0.44/turn    r - +6 ring of strength
MPRegen 0.14/turn

%: reflection
@: lethally poisoned (0 -> -15)
A: horns 2, retaliatory headbutt
a: Renounce Religion, Berserk, Trog's Hand, Brothers in Arms


You were on level 3 of the Shoals.
You worshipped Trog.
Trog was extremely pleased with you.
You visited 4 branches of the dungeon, and saw 22 of its levels.
You also visited: Sewer and Ossuary.

You collected 2626 gold pieces.
You spent 2513 gold pieces at shops.

Inventory:

Hand Weapons
 d - a +4 trident of protection
 I - a +5 executioner's axe of flaming
 Y - a +5 broad axe (weapon)
Missiles
 m - 26 boomerangs (quivered)
 q - 19 javelins
 s - 33 poisoned darts
 L - 2 throwing nets
 O - 5 curare-tipped darts
Armour
 a - a +2 pair of gloves (worn)
 z - the +2 pair of boots of the Valley (worn) {Int+2}
   (You bought it in a shop on level 2 of the Orcish Mines)

   Int+2:     It affects your intelligence (+2).
 J - the +10 tower shield of Ignorance (worn) {rN+ Int-4}
   (You found it on level 8 of the Dungeon)

   Int-4:     It affects your intelligence (-4).
   rN+:       It protects you from negative energy.
 V - a +5 plate armour of cold resistance (worn)
 W - the +1 cloak of Starlight (worn) {*Dazzle EV+4 Stlth--}
   (You found it on level 7 of the Dungeon)

   *Dazzle:   It may blind those who miss an attack against the wearer in melee
   combat.
   EV+4:      It affects your evasion (+4).
   Stlth--:   It makes you much less stealthy.
Jewellery
 c - a ring of willpower (left hand)
 j - the amulet of Atteoc (around neck) {Reflect rElec rF+ SH+5}
   (You bought it in a shop on level 1 of the Shoals)

   [amulet of reflection]

   Reflect:   It reflects blocked missile attacks.
   rF+:       It protects you from fire.
   rElec:     It insulates you from electricity.
   SH+5:      It affects your SH (+5).
 r - a +6 ring of strength (right hand)
 y - a ring of protection from fire
 T - a ring of protection from cold
Wands
 g - a wand of acid (2)
 h - a wand of mindburst (22)
 k - a wand of paralysis (10)
 E - a wand of iceblast (15)
 P - a wand of flame (4)
 U - a wand of digging (6)
Scrolls
 e - 5 scrolls of teleportation
 i - 3 scrolls of poison
 p - 6 scrolls of fear
 u - 4 scrolls of fog
 v - a scroll of silence
 w - a scroll of enchant armour
 D - 2 scrolls of revelation
 H - 3 scrolls of identify
 K - 5 scrolls of vulnerability
 N - 3 scrolls of torment
 Q - 4 scrolls of noise
 R - a scroll of enchant weapon
 S - 2 scrolls of immolation
Potions
 b - 4 potions of invisibility
 f - 15 potions of curing
 l - 5 potions of mutation
 n - a potion of heal wounds
 o - 2 potions of attraction
 t - 3 potions of cancellation
 x - 3 potions of resistance
 A - 6 potions of haste
 B - 2 potions of berserk rage
 C - a potion of lignification
 F - 9 potions of ambrosia
 M - 3 potions of enlightenment


   Skills:
 - Level 16.0 Fighting
 + Level 17.6 Axes
 - Level 12.0 Throwing
 * Level 14.7 Armour
 - Level 10.1 Dodging
 - Level 11.1 Shields


You had 14 spell levels left.
You didn't know any spells.
Your spell library contained the following spells:

 Spells                   Type           Power      Damage    Failure   Level
 Lesser Beckoning         Tloc           0%         N/A       100%        2
 Gell's Gravitas          Tloc           0%         N/A       100%        3
 Teleport Other           Tloc           0%         N/A       100%        3
 Haunt                    Necr/Summ      0%         N/A       100%        7
 Borgnjor's Revivificati  Necr           0%         N/A       100%        8
 Chain Lightning          Conj/Air       0%         N/A       100%        9
 Death's Door             Necr           0%         N/A       100%        9
 Fire Storm               Conj/Fire      0%         5d1       100%        9
 Shatter                  Erth           0%         3d5*      100%        9


Dungeon Overview and Level Annotations

Branches:
Dungeon (12/15)            Temple (0/1) D:4            Lair (5/5) D:9
 Shoals (3/4) Lair:2       Spider (0/4) Lair:2        Slime (0/5) Lair:5
    Orc (2/2) D:11            Elf (0/3) Orc:2         Sewer (visited)
Ossuary (visited)

Altars:
Ashenzari
Cheibriados
Makhleb
Nemelex Xobeh
Trog
Xom
Yredelemnul
Zin
Jiyva

Shops:
D:3 (   D:5 *   Orc:2 [?**[((?[   Shoals:1 :[!==

Portals:
Hell: Lair:5

Annotations:
D:8 exclusion: 4 orange crystal statues
Lair:3 1 transporter
Lair:4 exclusion: oklob plant


Innate Abilities, Weirdness & Mutations

You have a pair of horns on your head.
You reflexively headbutt those who attack you in melee.


Message History

The merfolk impaler is lightly wounded.
You block the merfolk impaler's attack.
The merfolk impaler hits you with a +4 demon trident of venom.
You are poisoned.
The merfolk javelineer throws a silver javelin.
The silver javelin pierces through you but does no damage.
You are too injured to fight recklessly!
You are too injured to fight recklessly!
You are too injured to fight recklessly!
You are too injured to fight recklessly!
You are too injured to fight recklessly!
You are too injured to fight recklessly!
You slice the merfolk impaler!!
Your headbutt misses the merfolk impaler.
The merfolk impaler is moderately wounded.
You feel very sick. You block the merfolk impaler's attack.
You hit the merfolk impaler.
The merfolk impaler is heavily wounded.
You feel sick.
The merfolk impaler hits you with a +4 demon trident of venom!
You are more poisoned.
The merfolk javelineer throws a silver javelin.
The silver javelin pierces through you! You block the merfolk impaler's attack.
You slash the merfolk impaler!
The merfolk impaler is heavily wounded.
You feel very sick.
The merfolk javelineer throws a silver javelin.
The silver javelin pierces through you!
* * * LOW HITPOINT WARNING * * *
x2 The merfolk impaler hits you but does no damage.
You are more poisoned.
You slice the merfolk impaler!!
The merfolk impaler is almost dead.
You feel very sick. You block the merfolk impaler's attack.
The merfolk javelineer throws a silver javelin.
The silver javelin pierces through you!!
* * * LOW HITPOINT WARNING * * *
You die...

~≈≈≈ ~≈≈≈
≈≈≈≈≈≈≈≈≈~~..~.. ~≈≈≈
≈≈≈≈≈≈≈≈≈≈≈≈~..... ~~≈≈
≈≈≈≈≈≈≈≈≈≈≈≈~....P
~~≈≈≈≈≈≈≈≈≈≈≈≈≈≈≈≈~..~..
~~≈≈≈≈≈≈≈≈≈≈≈≈≈≈≈≈≈~~P.P
.~≈≈≈≈≈≈≈≈≈≈≈≈≈≈m≈≈~~~~.
..~≈≈≈≈≈≈≈≈≈≈≈≈≈≈≈≈≈~~..
..~~≈≈≈≈≈≈≈≈≈~..@m≈≈~~~>
.~~≈≈≈≈≈≈≈≈≈~..†....~~~.
~~~≈≈≈≈~~~~≈~.#####....~
..~~≈≈≈~.~~~..# ..~~
..~~≈≈~.#.~~..# .P~
~~~~~~.##.~~..## P~
~~~.~~.........# ~
~~~~~÷~.......##
.~~~~~.....####


You could see a merfolk impaler and a merfolk javelineer.

Vanquished Creatures
  An orc warlord (Orc:2)
  A dire elephant (Lair:5)
  A minotaur (Lair:2)
  The ghost of Rassilon the Carver, a journeyman DsMo of Wu Jian (Lair:2)
  A merfolk javelineer (Shoals:3)
  6 hydras
  A catoblepas (Lair:1)
  The ghost of Yklotitu the Markscentaur, a journeyman CeHu of Okawaru (D:12)
  A merfolk aquamancer (Shoals:3)
  A merfolk avatar (Shoals:3)
  An ogre mage (Orc:2)
  2 centaur warriors
  16 death yaks
  An alligator snapping turtle (Shoals:3)
  6 two-headed ogres
  3 orc high priests (Orc:2)
  A sun demon (Lair:5)
  2 skysharks
  Lodul (D:10)
  3 sea snakes
  An arcanist (Lair:5)
  3 harpies (Shoals:3)
  The ghost of DeathSocks the Skirmisher, a novice BaHu (D:7)
  2 ugly things
  A wolf spider (Lair:2)
  4 orc knights (Orc:2)
  4 orc sorcerers
  Maurice (D:7)
  10 manticores
  5 fauns
  A merfolk siren (Shoals:3)
  4 kobold blastminers (Orc:2)
  2 black mambas
  2 orange demons (Lair:5)
  2 gargoyles
  5 elephants
  5 water nymphs
  12 cane toads
  3 rime drakes
  13 komodo dragons
  An ice devil (Lair:5)
  5 trolls
  16 merfolk
  A queen bee (D:10)
  2 red devils (Lair:5)
  The ghost of TheBioAlchemist the Ruffian, an amateur DrSh (D:4)
  2 polar bears
  2 wind drakes (Shoals:1)
  A hellwing (Lair:5)
  5 snapping turtles
  10 dream sheep
  10 blink frogs
  2 shadows (D:11)
  Sigmund (D:4)
  8 wyverns
  A culicivora (Lair:2)
  5 humans (D:6)
  2 basilisks
  A wraith (D:11)
  65 yaks
  Grum (D:8)
  2 steam dragons (D:8)
  6 water elementals
  4 vampire mosquitoes (D:12)
  A warg (Orc:1)
  Menkaure (D:6)
  Edmund (D:6)
  4 hell hounds (Lair:5)
  15 water moccasins
  Duvessa (D:6)
  A sky beast (D:8)
  21 orc warriors
  2 ice beasts (D:7)
  8 black bears
  3 centaurs
  11 ogres
  3 phantoms
  28 wolves
  An elf zombie (D:5)
  3 kobold brigands
  Blork the orc (D:6)
  3 elf skeletons (D:5)
  3 gnoll sergeants
  17 scorpions
  20 bullfrogs
  A water moccasin zombie (D:4)
  5 wights (D:7)
  Dowan (D:6)
  36 killer bees
  An electric eel (Lair:1)
  6 howler monkeys
  A bullfrog zombie (D:4)
  6 human zombies
  2 bombardier beetles
  A jelly (D:7)
  A bullfrog skeleton (D:4)
  16 orc priests
  3 gnoll boudas
  2 hounds
  2 sleepcaps
  Terence (D:2)
  2 iguanas (D:4)
  A scorpion zombie (Ossuary)
  3 human skeletons (D:5)
  30 orc wizards
  3 mummies (Ossuary)
  20 gnolls
  A howler monkey skeleton (D:4)
  5 adders
  9 river rats (Sewer)
  2 shadow imps
  5 adder zombies
  2 dart slugs
  6 ribbon worms
  71 orcs
  16 ball pythons
  10 endoplasms
  4 giant cockroaches
  9 goblins
  5 hobgoblins
  9 jackals
  17 kobolds
  4 quokkas
  A ball python zombie (Ossuary)
  5 bats
  9 frilled lizards
  A giant cockroach zombie (D:3)
  A gnoll zombie (Ossuary)
  4 jackal zombies (Ossuary)
  2 orc skeletons (D:5)
  An orc zombie (D:5)
  A quokka zombie (D:3)
  14 rats
792 creatures vanquished.

Vanquished Creatures (others)
  A manticore (Shoals:3)
  An adder (D:6)
  An orc (D:6)
3 creatures vanquished.

Grand Total: 795 creatures vanquished

Notes
Turn   | Place    | Note
-------+----------+-------------------------------------------
     0 | D:1      | CougarLife the Minotaur Fighter began the quest for the
                  | Orb.
     0 | D:1      | Reached XP level 1. HP: 19/19 MP: 0/0
   101 | D:1      | Reached XP level 2. HP: 23/26 MP: 1/1
   118 | D:1      | Found a faded altar of an unknown god.
   598 | D:2      | Reached skill level 3 in Axes
   696 | D:2      | Reached XP level 3. HP: 31/33 MP: 2/2
   797 | D:2      | Noticed Terence
   802 | D:2      | Killed Terence
   892 | D:2      | Reached skill level 4 in Axes
  1098 | D:3      | Reached XP level 4. HP: 41/41 MP: 3/3
  1216 | D:3      | Noticed a black bear
  1222 | D:3      | Killed a black bear
  1223 | D:3      | Reached skill level 5 in Fighting
  1223 | D:3      | Reached skill level 5 in Axes
  1223 | D:3      | Reached XP level 5. HP: 39/48 MP: 4/4
  1291 | D:3      | Found a basalt altar of Yredelemnul.
  1349 | D:3      | Reached skill level 6 in Axes
  1353 | D:3      | Reached XP level 6. HP: 27/56 MP: 5/5
  1517 | D:3      | Found a snail-covered altar of Cheibriados.
  1715 | D:3      | Found Cuecsew's Antique Weapon Boutique.
  1970 | D:4      | Reached skill level 7 in Axes
  1975 | D:4      | Found a glowing drain.
  1985 | D:4      | Identified the +8 falchion "Hellblazer" {holy, rF+ rC+
                  | rCorr}
  1997 | Sewer    | Entered a sewer
  2080 | Sewer    | Reached XP level 7. HP: 63/63 MP: 6/6
  2243 | Sewer    | Reached skill level 8 in Axes
  2357 | D:4      | Found a broken altar of Ashenzari.
  2357 | D:4      | Noticed Sigmund
  2406 | D:4      | Killed Sigmund
  2496 | D:4      | You fall into a shaft and drop 3 floors!
  2521 | D:5      | Entered Level 5 of the Dungeon
  2535 | D:5      | Reached skill level 9 in Axes
  2541 | D:5      | Reached XP level 8. HP: 71/73 MP: 7/7
  2720 | D:5      | Reached skill level 10 in Axes
  2752 | D:5      | Reached skill level 1 in Dodging
  2773 | D:5      | Found a sand-covered staircase.
  2785 | Ossuary  | Entered an ossuary
  2840 | Ossuary  | Reached skill level 5 in Dodging
  2914 | Ossuary  | Reached skill level 5 in Armour
  2914 | Ossuary  | Reached XP level 9. HP: 75/81 MP: 8/8
  3298 | D:5      | Found Kueheusejy's General Store.
  3306 | D:5      | Bought a scroll of identify for 22 gold pieces
  3686 | D:6      | Noticed Duvessa
  3692 | D:6      | Killed Duvessa
  3694 | D:6      | Noticed Dowan
  3704 | D:6      | Killed Dowan
  3781 | D:6      | Found a glowing silver altar of Zin.
  3887 | D:6      | Reached skill level 11 in Axes
  3928 | D:6      | Reached skill level 12 in Axes
  4021 | D:6      | Noticed Menkaure
  4027 | D:6      | Killed Menkaure
  4028 | D:6      | Reached XP level 10. HP: 51/91 MP: 9/9
  4207 | D:6      | Noticed Edmund
  4224 | D:6      | Noticed Blork the orc
  4230 | D:6      | Killed Blork the orc
  4697 | D:6      | Killed Edmund
  4777 | D:7      | Noticed Maurice
  4788 | D:7      | Killed Maurice
  4789 | D:7      | Reached skill level 10 in Fighting
  4789 | D:7      | Reached skill level 13 in Axes
  4956 | D:7      | Found a sparkling altar of Nemelex Xobeh.
  5312 | D:7      | Found a runed translucent gate.
  5313 | D:7      | Found a runed translucent gate.
  5313 | D:7      | Noticed DeathSocks's ghost (novice BaHu)
  5314 | D:7      | Found a runed translucent gate.
  5581 | D:7      | Found the +1 cloak of Starlight {*Dazzle EV+4 Stlth--}
  5823 | D:8      | Found a runed translucent door.
  5862 | D:8      | Found the +10 tower shield of Ignorance {rN+ Int-4}
  5873 | D:8      | Noticed Grum
  5893 | D:8      | Killed Grum
  5936 | D:8      | Found a runed translucent door.
  5942 | D:8      | Noticed an orange crystal statue
  5980 | D:8      | Identified the +7 mace of Sharing Extermination {heavy,
                  | Str+2 Dex+3}
  6083 | D:8      | Reached XP level 11. HP: 81/99 MP: 10/10
  6092 | D:8      | Reached skill level 14 in Axes
  6574 | D:9      | Reached skill level 10 in Armour
  6661 | D:9      | Noticed a two-headed ogre
  6672 | D:9      | Killed a two-headed ogre
  6889 | D:9      | Reached skill level 15 in Axes
  6891 | D:9      | Found a staircase to the Lair.
  6891 | D:9      | Noticed a two-headed ogre
  6911 | D:9      | Killed a two-headed ogre
  7297 | D:10     | Entered Level 10 of the Dungeon
  7426 | D:10     | Reached skill level 16 in Axes
  7655 | D:10     | Reached skill level 5 in Shields
  7707 | D:10     | Noticed Lodul
  7718 | D:10     | Killed Lodul
  7963 | D:10     | Found a bloodstained altar of Trog.
  7975 | D:10     | Became a worshipper of Trog the Wrathful
  8336 | D:11     | Found a staircase to the Orcish Mines.
  8402 | D:10     | Reached skill level 1 in Throwing
  8649 | D:11     | Reached XP level 12. HP: 106/106 MP: 11/11
  8829 | D:11     | Reached * piety under Trog
  9441 | D:4      | Found a runed translucent gate.
  9442 | D:4      | Found a runed translucent gate.
  9443 | D:4      | Found a runed translucent gate.
  9465 | D:4      | Found a staircase to the Ecumenical Temple.
  9516 | D:4      | Noticed TheBioAlchemist's ghost (amateur DrSh)
  9964 | D:4      | Killed TheBioAlchemist's ghost
 10033 | D:3      | Bought a runed hand axe for 114 gold pieces
 10365 | D:7      | Killed DeathSocks's ghost
 10374 | D:7      | Reached skill level 5 in Throwing
 10824 | Lair:1   | Entered Level 1 of the Lair of Beasts
 11131 | Lair:1   | Reached ** piety under Trog
 11132 | Lair:1   | Noticed a catoblepas
 11143 | Lair:1   | Killed a catoblepas
 11410 | Lair:1   | Reached skill level 10 in Shields
 11791 | Lair:2   | Noticed an eight-headed hydra
 11802 | Lair:2   | Killed an eight-headed hydra
 11834 | Lair:2   | Found a runed translucent door.
 12139 | Lair:2   | Found a hole to the Spider Nest.
 12272 | Lair:2   | Found a runed translucent door.
 12272 | Lair:2   | Noticed Rassilon's ghost (journeyman DsMo)
 12700 | Lair:2   | Killed Rassilon's ghost
 12701 | Lair:2   | Reached XP level 13. HP: 114/119 MP: 12/12
 12890 | Lair:2   | Noticed a minotaur
 12898 | Lair:2   | Killed a minotaur
 13023 | Lair:3   | Found a transporter.
 13053 | Lair:3   | Found a transporter.
 13628 | Lair:3   | Reached *** piety under Trog
 13673 | Lair:3   | Reached skill level 10 in Dodging
 14525 | Lair:4   | Reached **** piety under Trog
 15020 | Lair:5   | Entered Level 5 of the Lair of Beasts
 15102 | Lair:4   | Reached XP level 14. HP: 123/133 MP: 13/13
 15341 | Lair:5   | Reached skill level 15 in Fighting
 15347 | Lair:5   | Reached skill level 10 in Throwing
 15485 | Lair:5   | Found a viscous altar of Jiyva.
 15487 | Lair:5   | Found a staircase to the Slime Pits.
 15682 | Lair:5   | Found a shimmering altar of Xom.
 16082 | Lair:5   | Found a burning altar of Makhleb.
 16233 | Lair:5   | Found a gateway to Hell.
 16516 | Orc:1    | Entered Level 1 of the Orcish Mines
 16560 | Orc:1    | Reached ***** piety under Trog
 16829 | Orc:2    | Entered Level 2 of the Orcish Mines
 16829 | Orc:2    | Noticed an orc warlord
 16880 | Orc:2    | Found a shimmering altar of Xom.
 16967 | Orc:2    | Found Gyckagh's Magic Scroll Shop.
 16983 | Orc:2    | Bought a scroll of identify for 24 gold pieces
 16983 | Orc:2    | Bought a scroll of identify for 24 gold pieces
 16995 | Orc:2    | Found a staircase to the Elven Halls.
 17101 | Orc:2    | Received a gift from Trog
 17219 | Orc:2    | Found Qiarrisa's Antique Armour Emporium.
 17224 | Orc:2    | Bought a pair of runed gloves for 210 gold pieces
 17224 | Orc:2    | Bought a pair of runed gloves for 210 gold pieces
 17248 | Orc:2    | Found Opuramap's Magic Scroll Boutique.
 17458 | Orc:2    | Found Wosy Caetz's General Store.
 17458 | Orc:2    | Found Rifinepn's Antique Armour Shop.
 17460 | Orc:2    | Found Adyinir's Weapon Emporium.
 17460 | Orc:2    | Found Kestir's Antique Weapon Shop.
 17479 | Orc:2    | Reached XP level 15. HP: 113/144 MP: 12/14
 17528 | Orc:2    | Bought a potion of resistance for 150 gold pieces
 18116 | Orc:2    | Found Xut Duir's Antique Armour Shop.
 18121 | Orc:2    | Found Uminoth's General Store.
 18126 | Orc:2    | Bought a scroll of identify for 34 gold pieces
 18134 | Orc:2    | Bought a pair of fine boots for 294 gold pieces
 18134 | Orc:2    | Identified the +2 pair of boots of the Valley {Int+2} (You
                  | bought it in a shop on level 2 of the Orcish Mines)
 19041 | D:12     | Noticed Yklotitu's ghost (journeyman CeHu)
 19044 | D:12     | Found a runed translucent door.
 19104 | D:12     | Killed Yklotitu's ghost
 19359 | Shoals:1 | Entered Level 1 of the Shoals
 19499 | Shoals:1 | Found Fiusump's Book Shoppe.
 19634 | Shoals:1 | Found Mafuek's Antique Armour Boutique.
 19656 | Shoals:1 | Found Boej's Distillery.
 19715 | Shoals:1 | Bought a potion of mutation for 96 gold pieces
 19715 | Shoals:1 | Bought a potion of resistance for 120 gold pieces
 19732 | Shoals:1 | Found Huujesin's Jewellery Emporium.
 19749 | Shoals:1 | Bought an amulet of reflection for 450 gold pieces
 19813 | Shoals:1 | Found Tosturun's Jewellery Boutique.
 19909 | Shoals:1 | Received a gift from Trog
 20030 | Shoals:1 | Reached skill level 17 in Axes
 20312 | Shoals:1 | Bought the amulet of Atteoc {Reflect rElec rF+ SH+5} for
                  | 765 gold pieces
 21692 | Shoals:3 | HP: 4/144 [merfolk javelineer/silver javelin (22)]
 21692 | Shoals:3 | Hit by a silver javelin thrown by a merfolk javelineer

Illustrated notes

Levels and vault maps discovered:
D:1:      erik_arrival_orb_chamber, layout_rooms, shapermc_ecumenical_altar_gd,
          st_stairs_5, minmay_misc_feat_square
D:2:      layout_basic, uniq_terence
D:3:      layout_basic, nicolae_yredelemnul_corpse_copse, slow_altar_2,
          serial_shops, shop, hex_medium, minmay_joined_circles
D:4:      layout_basic, nicolae_ashenzari_skybound,
          minmay_temple_entry_offerings, gammafunk_ghost_necromancy,
          cheibrodos_sewer_entry_drain, grunt_decor_arrowhead,
          serial_library_regret_index_double_sided, uniq_sigmund
D:5:      layout_loops_ring, serial_shops, nicolae_shop_stone,
          nicolae_ossuary_entry_catacombs
D:6:      layout_loops_ring, mainiacjoe_overflow_cross_hatched, serial_glass,
          glass_columns_c, glass_columns_c, glass_columns_a, glass_columns_a,
          glass_columns_c, chequers_serial_rivers_large_b, minmay_ruffians,
          uniq_duvessa, uniq_menkaure, uniq_blork_the_orc, uniq_edmund
D:7:      layout_loops_ring, mainiacjoe_overflow_alcove_4,
          biasface_ghost_orc_armoury, uniq_maurice
D:8:      layout_loops_ring, chequers_guarded_unrand_ignorance, uniq_grum
D:9:      layout_roguey, due_lair_maze_entry_diamond
D:10:     layout_roguey, pf_just_have_faith, special_room [special_room_bee],
          minmay_misc_feat_doors, uniq_lodul
D:11:     layout_roguey, kennysheep_orc_monster_closet_entryway, minivault_19
D:12:     layout_basic, hellmonk_ghost_happy_afterlife
Lair:1:   layout_cave_shapes, fungi_pond_lemuel, st_stairs_8,
          serial_bayou_shore_b, grunt_megastairs_4, infiniplex_staircase_pool_2,
          serial_bayou_shore_b, serial_bayou_shore_b, serial_bayou_shore_a
Lair:2:   dreamdust_labyrinth, layout_long_grid, nicolae_shoals_entry_flooding,
          spider_nest_entry_funnel_web, ebering_ghost_inner_flame
Lair:3:   gammafunk_worm_tunnel, layout_chaotic_city
Lair:4:   layout_regular_city, grunt_megastairs_5, infiniplex_staircase_pool
Lair:5:   evil_forest, layout_misc_corridors, slime_entry_1, basic_altar,
          st_stairs_8, lemuel_fruit_tree
Shoals:1: layout_shoals, serial_shops, nicolae_shop_gaudy_bauble,
          nicolae_shop_industrial_runoff, shop, nicolae_shop_statue_plus, shop
Shoals:2: layout_shoals, nicolae_shoals_lost_giant_hut
Shoals:3: layout_shoals, uniq_jorgrun
Orc:1:    layout_caves, nicolae_orc_rockfall
Orc:2:    grunt_orc_tribal_feast, layout_diamond_mine, basic_altar,
          serial_shops, shop, shop, nicolae_lakefront_shop, shop_coins,
          nicolae_shop_just_a_little_nook

Skill      XL: |  1  2  3  4  5  6  7  8  9 10 11 12 13 14 15 |
---------------+----------------------------------------------+-----
Armour         | 4 5 6 9 10 11 14 | 14.7
Shields        | 4 8 11 | 11.1
Axes           | 3 4 5 6 7 9 10 12 13 16 17 | 17.6
Fighting       | 4 5 6 7 8 9 10 12 14 16 | 16.0
Dodging        | 5 6 7 10 | 10.1
Throwing       | 1 5 8 12 | 12.0

Action                     |  1- 3 |  4- 6 |  7- 9 | 10-12 | 13-15 || total
---------------------------+-------+-------+-------+-------+-------++-------
  Melee: War axe           |    76 |   124 |   356 |   857 |   665 ||  2078
         Headbutt          |    14 |    21 |    66 |   150 |   282 ||   533
         Spear             |       |       |       |     6 |    51 ||    57
         Broad axe         |       |       |       |       |   427 ||   427
  Throw: Boomerang         |       |       |       |     2 |    14 ||    16
         Dart              |       |       |       |       |    28 ||    28
 Invoke: Berserk           |       |       |       |     4 |     8 ||    12
         Trog's Hand       |       |       |       |     1 |     8 ||     9
  Evoke: Wand              |       |       |     1 |     4 |       ||     5
    Use: Scroll            |       |       |    11 |     9 |    19 ||    39
         Potion            |       |       |     1 |     3 |     2 ||     6
   Stab: Paralysed         |       |       |       |     4 |       ||     4
         Invisible         |       |       |       |       |     8 ||     8
 Armour: Scale mail        |    19 |       |       |       |       ||    19
         Ring mail         |    31 |    87 |   202 |    33 |       ||   353
         Plate armour      |       |       |       |   466 |   335 ||   801
  Dodge: Dodged            |    41 |    70 |   157 |   278 |   230 ||   776
  Block: Buckler           |    24 |    19 |    60 |   104 |       ||   207
         Kite shield       |       |       |       |    48 |       ||    48
         Tower shield      |       |       |       |   199 |  1392 ||  1591
         Reflection        |       |       |       |       |    10 ||    10
